 Dungeon Crawl Stone Soup version 0.28-a0-863-g8cecda6153 (webtiles) character file.

Game seed: 2339898797541847935

101 pokeman the Magician (level 4, -7/25 HPs)
             Began as a Deep Elf Hedge Wizard on Nov 17, 2021.
             Killed from afar by an orc wizard (10 damage)
             ... with a magic dart
             ... on level 3 of the Dungeon.
             The game lasted 00:07:06 (3225 turns).

pokeman the Magician (Deep Elf Hedge Wizard)        Turns: 3225, Time: 00:07:06

Health: -7/25      AC:  6    Str:  7    XL:     4   Next: 48%
Magic:  0/13       EV: 27    Int: 20    God:
Gold:   96         SH:  0    Dex: 14    Spells: 3/14 levels left

rFire   . . .      SeeInvis .   a - +0 dagger
rCold   . . .      Faith    .   (no shield)
rNeg    . . .      Spirit   .   r - +0 leather armour
rPois   .          Reflect  .   s - +0 helmet
rElec   .          Harm     .   (no cloak)
rCorr   .          Rampage  .   j - +1 pair of gloves
Will    +....                   (no boots)
Stlth   ++........              e - amulet of the acrobat
HPRegen 0.08/turn               p - ring of willpower
MPRegen 0.13/turn               (no ring)

@: acrobatic
A: no striking features
a: no special abilities


You were on level 3 of the Dungeon.
You visited 1 branch of the dungeon, and saw 3 of its levels.

You collected 96 gold pieces.

Inventory:

Hand Weapons
 a - a +0 dagger (weapon)
Missiles
 d - 37 arrows
Armour
 j - a +1 pair of gloves (worn)
 r - a +0 leather armour (worn)
 s - a +0 helmet (worn)
Jewellery
 e - an amulet of the acrobat (around neck)
 p - a ring of willpower (left hand)
Scrolls
 b - a scroll of enchant armour {unknown}
 c - a scroll of enchant weapon {unknown}
 f - a scroll of silence {unknown}
 i - a scroll of identify {unknown}
 k - a scroll of fear {unknown}
 m - a scroll of amnesia {unknown}
 o - a scroll of summoning {unknown}
 q - a scroll of immolation {unknown}
Potions
 g - a potion of might {unknown}
 h - 2 potions of brilliance {unknown}
 l - a potion of invisibility {unknown}
 n - a potion of curing {unknown}


   Skills:
 - Level 1.0 Fighting
 - Level 1.0 Armour
 + Level 2.8 Dodging
 - Level 2.4 Stealth
 * Level 5.7 Spellcasting
 + Level 2.2 Conjurations
 - Level 1.1 Summonings
 - Level 1.1 Translocations
 + Level 1.0 Fire Magic


You had 3 spell levels left.
You knew the following spells:

 Your Spells              Type           Power      Damage    Failure   Level
a - Magic Dart            Conj           56%        1d5       6%          1
b - Mephitic Cloud        Conj/Pois/Air  8%         N/A       34%         3
c - Call Imp              Summ           10%        N/A       16%         2
d - Blink                 Tloc           20%        N/A       16%         2
e - Conjure Flame         Conj/Fire      12%        6-21      24%         3

Your spell library contained the following spells:

 Spells                   Type           Power      Damage    Failure   Level
 Slow                     Hex            20%        N/A       16%         1
 Ignite Poison            Fire/Tmut/Pois 7%         N/A       38%         3
 Sticky Flame             Conj/Fire      12%        2d4       63%         4


Dungeon Overview and Level Annotations

Branches:
Dungeon (3/15)

Altars:


Message History

Your crimson imp closely misses something.
Casting: Magic Dart (safe; 6% risk of failure)
Confirm with . or Enter, or press ? or * to list all spells.
Aiming: Magic Dart (safe; 6% risk of failure)
Press: ? - help, Shift-Dir - straight line The magic dart hits something.
Something hits you.
Your crimson imp completely misses something.
Casting: Magic Dart (safe; 6% risk of failure)
Confirm with . or Enter, or press ? or * to list all spells.
Aiming: Magic Dart (safe; 6% risk of failure)
Press: ? - help, Shift-Dir - straight line The magic dart hits something.
Something hits you but does no damage.
Your crimson imp blinks!
Casting: Magic Dart (safe; 6% risk of failure)
Confirm with . or Enter, or press ? or * to list all spells.
Aiming: Magic Dart (safe; 6% risk of failure)
Press: ? - help, Shift-Dir - straight line The magic dart hits something.
Something hits you.
You hit something. Something hits you.
You closely miss something. Something hits you but does no damage.
Your crimson imp blinks!
You barely miss something.
You hear some strange, mumbled words.
A magic dart appears from out of thin air!
The magic dart hits you!
* * * LOW HITPOINT WARNING * * *
You hit something but do no damage.
You hear some strange, mumbled words.
A magic dart appears from out of thin air!
The magic dart hits you.
* * * LOW HITPOINT WARNING * * *
Your magical contamination has completely faded away.
Casting: Magic Dart (safe; 6% risk of failure)
Confirm with . or Enter, or press ? or * to list all spells.
Aiming: Magic Dart (safe; 6% risk of failure)
Press: ? - help, Shift-Dir - straight line The magic dart hits something.
Something hits you but does no damage.
A magic dart appears from out of thin air!
The magic dart hits you!
You die...

#P...♣≈≈.......##
#.P..≈≈≈≈≈≈.....#
#..≈≈≈≈≈≈≈≈......
#.≈≈≈≈≈≈≈≈≈≈.....
##.≈≈≈≈≈≈≈≈≈≈.....
#....≈≈≈≈≈≈≈.P.>..
#.P.PP≈≈≈≈≈..P....
.#######...P.≈≈≈≈≈.......
.....){.@...♣≈≈....P.....
.####)###..P/≈P...P.....†
.. ..P.P............ ##
.5........)......
..................
....... ........ .......
......#. ....... ....#..†
#######.


You could see a friendly crimson imp (summoned).

Vanquished Creatures
  An orc priest (D:3)
  An adder (D:2)
  A worm (D:2)
  4 orcs (D:3)
  3 ball pythons
  3 endoplasms
  4 giant cockroaches
  7 goblins
  5 hobgoblins
  3 jackals (D:1)
  6 kobolds
  5 bats
  4 frilled lizards (D:1)
  4 rats
51 creatures vanquished.

Vanquished Creatures (others)
  A fungus (D:3)
1 creature vanquished.

Grand Total: 52 creatures vanquished

Notes
Turn   | Place    | Note
-------+----------+-------------------------------------------
     0 | D:1      | pokeman the Deep Elf Hedge Wizard began the quest for the
                  | Orb.
     0 | D:1      | Reached XP level 1. HP: 10/10 MP: 7/7
   335 | D:1      | Reached XP level 2. HP: 15/15 MP: 7/9
  1410 | D:2      | Reached skill level 5 in Spellcasting
  1636 | D:2      | Reached XP level 3. HP: 20/20 MP: 8/11
  1640 | D:2      | Learned a level 3 spell: Mephitic Cloud
  1643 | D:2      | Learned a level 2 spell: Call Imp
  1646 | D:2      | Learned a level 2 spell: Blink
  1650 | D:2      | Learned a level 3 spell: Conjure Flame
  1929 | D:2      | Found a faded altar of an unknown god.
  1970 | D:2      | Reached skill level 1 in Armour
  2177 | D:2      | Reached skill level 1 in Fighting
  3023 | D:3      | Reached XP level 4. HP: 17/25 MP: 2/13
  3213 | D:3      | Reached skill level 1 in Fire Magic
  3225 | D:3      | Killed from afar by an orc wizard

Illustrated notes

Levels and vault maps discovered:
D:1:      dpeg_arrival_tiny_k, layout_basic
D:2:      layout_loops_ring, ebering_ecumenical_altar_mist
D:3:      minmay_diamond_boxcup, layout_rooms, mainiacjoe_overflow_boulevard,
          guppyfry_early_lair_pool

Skill      XL: |  1  2  3  4 |
---------------+-------------+-----
Spellcasting   | 5 |  5.7
Armour         | 1 |  1.0
Fighting       | 1 |  1.0
Conjurations   | 2 |  2.2
Fire Magic     | 1 |  1.0
Dodging        | |  2.8
Stealth        | |  2.4
Summonings     | |  1.1
Translocations | |  1.1

Action                   |  1- 3 |  4- 6 || total
-------------------------+-------+-------++-------
Melee: Dagger            |     4 |     5 ||     9
 Cast: Magic Dart        |   132 |    14 ||   146
       Mephitic Cloud    |       |     1 ||     1
       Call Imp          |       |     1 ||     1
Armor: Robe              |     6 |       ||     6
       Leather armour    |     6 |     4 ||    10
Dodge: Dodged            |    21 |     4 ||    25

Table legend: (Time is in decaauts)
 A = Elapsed time spent in this place.
 B = Non-inter-level travel time spent in this place.
 C = Inter-level travel time spent in this place.
 D = Time resting spent in this place.
 E = Time spent auto-exploring this place.
 F = Levels seen in this place.
 G = Mean time per level.
                   A        B        C        D        E       F      G
               +--------+--------+--------+--------+--------+-----+--------+
         Total |   3223 |   3120 |    103 |    118 |   2633 |   3 | 1074.3 |
       Dungeon |   3223 |   3120 |    103 |    118 |   2633 |   3 | 1074.3 |
               +--------+--------+--------+--------+--------+-----+--------+

Top non-repeatable levels by time:
     D:1: 1407 daAuts
     D:2: 1344 daAuts
     D:3: 472 daAuts
